 Dungeon Crawl Stone Soup version 0.21.1-1-g345015f (webtiles) character file.

93 n0claF the Shooter (level 4, -5/37 HPs)
             Began as a Centaur Hunter on June 21, 2018.
             Slain by a gnoll
             ... wielding a +0 halberd
              (6 damage)
             ... on level 2 of the Dungeon.
             The game lasted 00:07:08 (2939 turns).

n0claF the Shooter (Centaur Hunter)                 Turns: 2939, Time: 00:07:09

Health: -5/37      AC:  4    Str: 15    XL:     4   Next: 37%
Magic:  4/4        EV:  9    Int: 15    God:
Gold:   46         SH:  0    Dex: 10    Spells: 3/3 levels left

rFire    . . .     SeeInvis .   a - +1 shortbow
rCold    . . .     Gourm    .   (shield currently unavailable)
rNeg     . . .     Faith    .   c - +0 leather armour
rPois    .         Spirit   .   (no helmet)
rElec    .         Reflect  .   (no cloak)
rCorr    .         Harm     .   (no gloves)
MR       .....                  (no barding)
Stlth    +.........             (no amulet)
HPRegen  0.12/turn              (no ring)
MPRegen  0.09/turn              (no ring)

@: brilliant, very quick
A: large, hooves 3, deformed body, speed 2, tough skin 3
a: no special abilities


You were on level 2 of the Dungeon.
You were not hungry.

You visited 1 branch of the dungeon, and saw 2 of its levels.

You collected 46 gold pieces.

Inventory:

Hand Weapons
 a - a +1 shortbow (weapon)
Missiles
 d - 4 arrows (quivered)
Armour
 c - a +0 leather armour (worn)
Scrolls
 b - a scroll of fog {unknown}
 f - a scroll of fear {unknown}
 g - a scroll of identify {unknown}
 j - a scroll of remove curse {unknown}
 k - a scroll of magic mapping {unknown}
Comestibles
 e - 2 rations {!d}
 i - 2 chunks of flesh


   Skills:
 + Level 2.7 Fighting
 * Level 6.4 Bows
 + Level 2.0 Dodging
 - Level 0.4 Stealth
 + Level 1.6 Unarmed Combat


You had 3 spell levels left.
You didn't know any spells.

Dungeon Overview and Level Annotations

Branches:
Dungeon (2/15)

Altars:


Innate Abilities, Weirdness & Mutations

You have hooves in place of feet.
Armour fits poorly on your strangely shaped body.
You cover ground very quickly.
You have extremely tough skin. (AC +3)


Message History

You are feeling hungry.
Eating one of 3 chunks of flesh.
You eat one of the 3 chunks of flesh.
Done exploring.
There is a stone staircase leading down here.
You climb downwards.
The gnoll barely misses you.
There is a stone staircase leading up, spattered with blood here.
Aim: a gnoll, wielding a halberd and wearing a ring mail You shoot an arrow.
The arrow closely misses the gnoll.
The gnoll hits you with a halberd.
Aim: a gnoll, wielding a halberd and wearing a ring mail You shoot an arrow.
The arrow hits the gnoll.
The gnoll barely misses you.
Aim: a gnoll, wielding a halberd and wearing a ring mail (moderately wounded)
You shoot an arrow. The arrow closely misses the gnoll.
The gnoll hits you with a halberd!
Aim: a gnoll, wielding a halberd and wearing a ring mail (moderately wounded)
You shoot an arrow. The arrow barely misses the gnoll.
The gnoll hits you with a halberd!
* * * LOW HITPOINT WARNING * * *
Aim: a gnoll, wielding a halberd and wearing a ring mail (moderately wounded)
You shoot an arrow.
The arrow hits the gnoll but does no damage.
Aim: a gnoll, wielding a halberd and wearing a ring mail (moderately wounded)
You shoot an arrow.
The arrow hits the gnoll but does no damage.
The gnoll hits you with a halberd.
* * * LOW HITPOINT WARNING * * *
It was a potion of brilliance.
You feel clever all of a sudden. The gnoll closely misses you.
Aim: a gnoll, wielding a halberd and wearing a ring mail (moderately wounded)
You shoot an arrow. The arrow barely misses the gnoll.
The gnoll closely misses you.
Aim: a gnoll, wielding a halberd and wearing a ring mail (moderately wounded)
You shoot an arrow. The arrow completely misses the gnoll.
The gnoll barely misses you.
Aim: a gnoll, wielding a halberd and wearing a ring mail (moderately wounded)
You shoot an arrow.
The arrow hits the gnoll but does no damage.
The gnoll barely misses you.
Aim: a gnoll, wielding a halberd and wearing a ring mail (moderately wounded)
You shoot an arrow.
The arrow hits the gnoll but does no damage.
Aim: a gnoll, wielding a halberd and wearing a ring mail (moderately wounded)
You shoot an arrow. The arrow hits the gnoll.
The gnoll hits you with a halberd.
* * * LOW HITPOINT WARNING * * *
Aim: a gnoll, wielding a halberd and wearing a ring mail (heavily wounded)
You shoot an arrow. The arrow hits the gnoll.
The gnoll hits you with a halberd.
You die...

# #...####..# #....)..# #..##(.#
# #...# #..# #.......####..#((..
# #...####..###.......#..........
# #...#...............#.....(....
###...#...............####.(#....
....................#...g.().....
###...#...#...(.....######.###...
#...#...#.........# #..#....
#...#...#(...(@...# #..###.#
#...#...##.....g..# #....#..
#...#...######.#########..#.###
#...#...######.# #........#.###
#####..........# #.#...........
#........#### #.#.####.#.###
#........# #g#.# #.#.#..
#........# #.#.# #.#.#.#
#........# #.#.# #.#.#..


You could see a gnoll.

Vanquished Creatures
  A worker ant (D:2)
  2 gnolls
  2 adders (D:2)
  A worm (D:2)
  2 dart slugs (D:1)
  A leopard gecko (D:1)
  2 bats
  3 giant cockroaches (D:1)
  2 goblins
  3 hobgoblins (D:1)
  2 frilled lizards (D:1)
  4 kobolds
  3 rats (D:1)
28 creatures vanquished.

Notes
Turn   | Place    | Note
-------+----------+-------------------------------------------
     0 | D:1      | n0claF the Centaur Hunter began the quest for the Orb.
     0 | D:1      | Reached XP level 1. HP: 17/17 MP: 1/1
   339 | D:1      | Reached XP level 2. HP: 22/24 MP: 2/2
  1578 | D:2      | Reached skill level 1 in Unarmed Combat
  1578 | D:2      | Reached XP level 3. HP: 14/30 MP: 3/3
  1581 | D:2      | Reached skill level 6 in Bows
  2473 | D:2      | Reached XP level 4. HP: 31/37 MP: 4/4
  2938 | D:2      | HP: 1/37 [gnoll/halberd (6)]
  2939 | D:2      | Slain by a gnoll

Skill      XL: |  1  2  3  4 |
---------------+-------------+-----
Unarmed Combat | 1 |  1.6
Bows           | 6 |  6.4
Dodging        | 2 |  2.0
Fighting       | |  2.7
Stealth        | |  0.4

Action                   |  1- 3 |  4- 6 || total
-------------------------+-------+-------++-------
Melee: Unarmed           |    70 |       ||    70
       Kick              |    11 |       ||    11
 Fire: Shortbow          |    65 |    34 ||    99
  Use: Potion            |       |     1 ||     1
  Eat: Ration            |     1 |       ||     1
       Chunk             |       |     2 ||     2
Armor: Leather armour    |    31 |     1 ||    32
Dodge: Dodged            |    41 |    23 ||    64
